 Dungeon Crawl Stone Soup version 0.18.1-48-g4cf74bf (webtiles) character file.

146 Gargoyl the Skirmisher (level 5, -1/42 HPs)
             Began as a Demonspawn Abyssal Knight on Sept 12, 2016.
             Was a Follower of Lugonu.
             Slain by a river rat (5 damage)
             ... in a sewer.
             The game lasted 00:05:52 (2571 turns).

Gargoyl the Skirmisher (Demonspawn Abyssal Knight)  Turns: 2571, Time: 00:05:53

Health: -1/42      AC: 10    Str: 12 (14) XL:     5   Next: 7%
Magic:  7/7        EV:  8    Int: 12 (13) God:    Lugonu [*.....]
Gold:   131        SH:  3    Dex: 11 (12) Spells: 0 memorised, 4 levels left

rFire  . . .     SeeInvis .     a - +1 hand axe
rCold  . . .     Gourm    .     e - +0 scale mail
rNeg   . . .     Faith    .     m - +0 buckler
rPois  .         Spirit   .     (no helmet)
rElec  .         Dismiss  .     (no cloak)
rCorr  .         Reflect  .     (no gloves)
SustAt .         Harm     .     (no boots)
MR     .....                    (no amulet)
Stlth  ..........               (no ring)
                                (no ring)

@: not resistant to hostile enchantments, extremely unstealthy
A: hooves 2, iridescent scales 1, spiny 1
a: Depart the Abyss, Renounce Religion


You were in a sewer.
You worshipped Lugonu.
Lugonu was aware of your devotion.
You were not hungry.

You visited 1 branch of the dungeon, and saw 3 of its levels.
You visited the Abyss 1 time.
You also visited: Sewer.

You collected 131 gold pieces.

Inventory:

Hand Weapons
 a - a +1 hand axe (weapon)
Missiles
 q - 5 tomahawks (quivered)
Armour
 e - a +0 scale mail (worn)
 m - a +0 buckler (worn)
Wands
 b - a wand of hasting (3/9)
 g - a wand of polymorph (13/24)
Scrolls
 l - 2 scrolls of remove curse
 r - a scroll of random uselessness
 t - a scroll of identify
Potions
 p - 2 potions of flight
Books
 h - a book of Annihilations

   Spells                             Type                      Level
   a - Poison Arrow                   Conjuration/Poison           6
   b - Chain Lightning                Conjuration/Air              8
   c - Lehudib's Crystal Spear        Conjuration/Earth            8
   d - Glaciate                       Conjuration/Ice              9
   e - Fire Storm                     Conjuration/Fire             9
Comestibles
 c - a bread ration
 k - 2 meat rations


   Skills:
 + Level 3.9 Fighting
 + Level 2.3 Axes
 * Level 3.3 Armour
 + Level 1.9 Dodging
 + Level 2.7 Invocations


You had 4 spell levels left.
You didn't know any spells.

Dungeon Overview and Level Annotations

Branches:
Dungeon (3/15)

Altars:
Xom


Innate Abilities, Weirdness & Mutations

You have hoof-like feet.
You are partially covered in iridescent scales (AC +4).
You are partially covered in sharp spines.


Message History

The river rat is lightly wounded.
You hit the river rat but do no damage.
The river rat is severely wounded.
You block the river rat's attack. The river rat bites you.
* * * LOW HITPOINT WARNING * * *
Drink which item? (? for menu, Esc to quit)
Okay, then.
You closely miss the river rat.
The river rat is lightly wounded.
You closely miss the river rat.
The river rat is severely wounded.
The river rat completely misses you. The river rat bites you.
* * * LOW HITPOINT WARNING * * *
Unknown command.
You hit the river rat.
The river rat is severely wounded.
You closely miss the river rat.
The river rat is severely wounded.
The river rat is struck by your spines. The river rat bites you.
You die...

≈≈≈≈≈≈≈≈≈≈≈≈≈≈≈≈≈≈≈
≈≈≈≈≈≈≈≈≈≈≈≈≈≈≈≈≈≈≈≈
≈≈≈≈≈≈.......≈≈≈≈≈≈≈
≈≈≈≈≈...........≈≈≈≈
...................≈
....................
.............r......
#..........@†......
##.......##.r......
#...##..#####......
∩..# ##..### ##...#
## ##..∩# ### #####


You could see 2 river rats.

Vanquished Creatures
  Jessica (D:2)
  A river rat (Sewer)
  7 adders
  2 oozes (D:2)
  A worm (D:2)
  4 giant geckos (D:2)
  An orc (D:3)
  A giant cockroach (D:3)
  6 goblins
  6 hobgoblins
  A quokka (D:2)
  2 bats (D:2)
  2 kobolds (D:2)
  4 rats
39 creatures vanquished.

Notes
Turn   | Place    | Note
--------------------------------------------------------------
     0 | Abyss:1  | Gargoyl the Demonspawn Abyssal Knight began the quest for the Orb.
     0 | Abyss:1  | Reached XP level 1. HP: 18/18 MP: 2/2
   110 | Abyss:2  | Noticed a neqoxec
   110 | D:1      | Escaped the Abyss
   651 | D:2      | Gained mutation: You are partially covered in iridescent scales (AC +4). [demonic ancestry]
   651 | D:2      | Reached XP level 2. HP: 18/24 MP: 3/3
   664 | D:2      | Noticed Jessica
   674 | D:2      | Killed Jessica
   674 | D:2      | Reached skill level 1 in Dodging
   674 | D:2      | Gained mutation: You have large cloven feet. [demonic ancestry]
   674 | D:2      | Reached XP level 3. HP: 25/29 MP: 3/5
   891 | D:2      | Found a shimmering altar of Xom.
   891 | D:2      | Found a shimmering altar of Xom.
   892 | D:2      | Found a shimmering altar of Xom.
   922 | D:2      | Reached * piety under Lugonu
  1212 | D:2      | Gained mutation: You have hoof-like feet. [demonic ancestry]
  1212 | D:2      | Reached XP level 4. HP: 29/37 MP: 6/6
  2047 | D:2      | Noticed a sky beast
  2162 | D:3      | Found a glowing drain.
  2551 | Sewer    | Entered a sewer
  2569 | Sewer    | Gained mutation: You are partially covered in sharp spines. [demonic ancestry]
  2569 | Sewer    | Reached XP level 5. HP: 12/42 MP: 7/7
  2571 | Sewer    | Slain by a river rat

Skill      XL: |  1  2  3  4 |
---------------+-------------+-----
Armour         | 2 3 |  3.3
Axes           | 2 |  2.3
Dodging        | 1 |  1.9
Fighting       | |  3.9
Invocations    | |  2.7

Action                   |  1- 3 |  4- 6 || total
-------------------------+-------+-------++-------
Melee: Hand axe          |    82 |    88 ||   170
       Kick              |     9 |    10 ||    19
Invok: Depart the Abyss  |     1 |       ||     1
Evoke: Wand              |       |     3 ||     3
  Use: Scroll            |       |     9 ||     9
       Potion            |       |     4 ||     4
  Eat: Chunk             |     1 |     3 ||     4
       Bread ration      |       |     1 ||     1
Armor: Scale mail        |    36 |    42 ||    78
       Skin              |       |    52 ||    52
Dodge: Dodged            |    35 |    54 ||    89
Block: Buckler           |     9 |    12 ||    21
